[ AOE2 MATCH · #477804066 ]
UnrankedAztecs vs Turks
[ REPLAY ANALYSIS · EXTRACTED FROM THE RECORDED GAME ]
Feudal
12:16
Castle
18:54
Imperial
35:36
| APM avg | 32.5 |
| APM peak | 84 |
| eAPM avg | 23.7 |
| Villagers / military | 114 / 873 |
Focus
⚔️ 66.2% · 🌾 33.8%
Skirmisher ×329 · Militia ×175 · Spearman ×146 · Jaguar Warrior ×128 · Eagle Scout ×89 · Trade Cart ×28
Feudal
—
Castle
—
Imperial
—
| APM avg | 22.7 |
| APM peak | 61 |
| eAPM avg | 18.5 |
| Villagers / military | 109 / 451 |
Focus
⚔️ 31.7% · 🌾 68.3%
Scout Cavalry ×312 · Janissary ×89 · Bombard Cannon ×50 · Trade Cart ×29
Feudal
13:55
Castle
19:29
Imperial
35:01
| APM avg | 18.3 |
| APM peak | 52 |
| eAPM avg | 17.1 |
| Villagers / military | 154 / 1165 |
Focus
⚔️ 44.7% · 🌾 55.3%
Huskarl ×907 · Spearman ×253 · Trade Cart ×56 · Trebuchet (Packed) ×4 · Militia ×1
Feudal
10:42
Castle
18:59
Imperial
32:46
| APM avg | 23.8 |
| APM peak | 77 |
| eAPM avg | 13.3 |
| Villagers / military | 105 / 461 |
Focus
⚔️ 36.2% · 🌾 63.8%
Mangudai ×234 · Steppe Lancer ×201 · Unknown (1260) ×30 · Mangonel ×22 · Trade Cart ×22 · Monk ×4
Feudal
13:46
Castle
18:56
Imperial
33:33
| APM avg | 49.2 |
| APM peak | 81 |
| eAPM avg | 22.6 |
| Villagers / military | 150 / 301 |
Focus
⚔️ 22.4% · 🌾 77.6%
Bolas Rider ×299 · Trade Cart ×42 · Mangonel ×2
Feudal
10:56
Castle
26:12
Imperial
35:20
| APM avg | 17.9 |
| APM peak | 81 |
| eAPM avg | 12.9 |
| Villagers / military | 174 / 518 |
Focus
⚔️ 32.2% · 🌾 67.8%
Scout Cavalry ×195 · Steppe Lancer ×131 · Knight ×96 · Kipchak ×67 · Trade Cart ×25 · Mangonel ×20
Feudal
11:37
Castle
16:36
Imperial
29:45
| APM avg | 21.6 |
| APM peak | 40 |
| eAPM avg | 19.4 |
| Villagers / military | 192 / 883 |
Focus
⚔️ 42.6% · 🌾 57.4%
Spearman ×768 · Bombard Cannon ×68 · Trade Cart ×65 · Hussite Wagon ×39 · Trebuchet (Packed) ×6 · Monk ×1
Feudal
9:42
Castle
15:42
Imperial
31:29
| APM avg | 20.1 |
| APM peak | 48 |
| eAPM avg | 15.6 |
| Villagers / military | 199 / 330 |
Focus
⚔️ 31.0% · 🌾 69.0%
Unknown (1962) ×329 · Unknown (1959) ×175 · Mangonel ×165 · Spearman ×165 · Trade Cart ×36 · Unknown (1942) ×12
Match map
Initial resources + every placement click. Lines = walls · curves = elevation contours. ◆ gold · ⬟ stone · ● berries · ✦ relic · ◌ wall gap
Your base· ✓ Closed at 18:54 · 0t walls · no gate
Bliitzz67's base· ✓ Closed at 13:12 · 0t walls · no gate
bastefan's base· ✓ Closed at 19:29 · 25t walls · 1 gate(s)
Sikici's base· ✓ Closed at 18:59 · 25t walls · no gate
我的粗硬大DIO25厘米长's base· ✓ Closed at 18:56 · 26t walls · 1 gate(s)
basbr's base· ✓ Closed at 26:12 · 49t walls · 2 gate(s)
Gimli der Geier's base· ✓ Closed at 16:36 · 0t walls · no gate
Low Income Barony's base· ✓ Closed at 15:42 · 0t walls · no gate
Smoothed initial terrain · ◌ = detected wall gap · hover for details
Inputs per minute
— 玛尔斯 - - Bliitzz67
Build order — 玛尔斯
First 150 of 1202 actions detected
| 0:04 | Build | House |
| 0:05 | Build | House |
| 0:06 | Create | Villager (Male) |
| 0:06 | Create | Villager (Male) |
| 0:06 | Create | Villager (Male) |
| 0:07 | Create | Villager (Male) |
| 1:21 | Create | Villager (Male) |
| 1:22 | Create | Villager (Male) |
| 2:22 | Create | Villager (Male) |
| 2:22 | Create | Villager (Male) |
| 3:24 | Create | Villager (Male) |
| 3:24 | Create | Villager (Male) |
| 3:24 | Create | Villager (Male) |
| 3:59 | Create | Villager (Male) |
| 3:59 | Create | Villager (Male) |
| 4:28 | Build | House |
| 5:11 | Create | Villager (Male) |
| 5:11 | Create | Villager (Male) |
| 5:11 | Create | Villager (Male) |
| 5:11 | Create | Villager (Male) |
| 5:12 | Create | Villager (Male) |
| 5:12 | Create | Villager (Male) |
| 5:47 | Build | Lumber Camp |
| 6:00 | Create | Villager (Male) |
| 6:00 | Create | Villager (Male) |
| 6:01 | Create | Villager (Male) |
| 6:01 | Create | Villager (Male) |
| 6:16 | Build | House |
| 6:39 | Build | House |
| 7:14 | Create | Villager (Male) |
| 7:14 | Create | Villager (Male) |
| 7:15 | Create | Villager (Male) |
| 7:25 | Build | Mill |
| 9:02 | Build | Mining Camp |
| 10:06 | Research | Feudal Age |
| 11:18 | Build | Barracks |
| 12:16 | Age | Feudal Age |
| 12:25 | Build | Farm |
| 12:26 | Build | Farm |
| 12:27 | Build | Farm |
| 12:28 | Build | Farm |
| 12:30 | Build | Farm |
| 12:32 | Build | Farm |
| 12:45 | Build | Blacksmith |
| 13:15 | Build | Market |
| 13:29 | Create | Eagle Scout |
| 13:30 | Create | Eagle Scout |
| 13:31 | Create | Eagle Scout |
| 13:36 | Build | Farm |
| 13:38 | Research | Forging |
| 14:43 | Build | House |
| 14:46 | Build | House |
| 14:58 | Create | Villager (Male) |
| 14:58 | Create | Villager (Male) |
| 16:14 | Research | Castle Age |
| 16:20 | Build | Farm |
| 16:52 | Research | Horse Collar |
| 16:53 | Research | Double-Bit Axe |
| 17:02 | Create | Trade Cart |
| 17:03 | Create | Trade Cart |
| 17:30 | Research | Man-at-Arms (upgrade) |
| 17:31 | Create | Militia |
| 18:00 | Create | Militia |
| 18:54 | Age | Castle Age |
| 19:20 | Build | Town Center |
| 19:49 | Build | Town Center |
| 19:59 | Build | Farm |
| 20:00 | Build | Farm |
| 20:01 | Build | Farm |
| 20:03 | Build | Farm |
| 20:10 | Create | Villager (Male) |
| 20:10 | Create | Villager (Male) |
| 20:11 | Create | Villager (Male) |
| 20:11 | Create | Villager (Male) |
| 20:12 | Create | Villager (Male) |
| 20:12 | Create | Villager (Male) |
| 20:22 | Research | Arson |
| 20:54 | Research | Long Swordsman (upgrade) |
| 21:18 | Create | Villager (Male) |
| 21:18 | Create | Villager (Male) |
| 21:19 | Create | Villager (Male) |
| 21:19 | Create | Villager (Male) |
| 21:19 | Create | Villager (Male) |
| 21:20 | Create | Villager (Male) |
| 21:27 | Create | Villager (Male) |
| 21:27 | Create | Villager (Male) |
| 21:28 | Create | Villager (Male) |
| 21:28 | Create | Villager (Male) |
| 21:28 | Create | Villager (Male) |
| 21:29 | Create | Villager (Male) |
| 21:29 | Create | Villager (Male) |
| 21:57 | Build | Farm |
| 22:11 | Create | Villager (Male) |
| 22:11 | Create | Villager (Male) |
| 22:11 | Create | Villager (Male) |
| 22:23 | Build | Farm |
| 22:31 | Create | Villager (Male) |
| 22:31 | Create | Villager (Male) |
| 22:31 | Create | Villager (Male) |
| 23:12 | Build | House |
| 23:13 | Build | House |
| 23:20 | Build | House |
| 23:21 | Build | House |
| 23:23 | Build | House |
| 23:28 | Build | House |
| 23:34 | Create | Villager (Male) |
| 23:34 | Create | Villager (Male) |
| 23:34 | Create | Villager (Male) |
| 23:35 | Build | Farm |
| 23:48 | Create | Villager (Male) |
| 23:49 | Create | Villager (Male) |
| 23:49 | Create | Villager (Male) |
| 23:49 | Create | Villager (Male) |
| 23:58 | Build | Farm |
| 24:02 | Build | Farm |
| 24:05 | Build | Farm |
| 24:09 | Build | Farm |
| 24:28 | Create | Villager (Male) |
| 24:29 | Create | Villager (Male) |
| 24:29 | Create | Villager (Male) |
| 24:29 | Create | Villager (Male) |
| 24:36 | Build | House |
| 24:38 | Build | House |
| 24:39 | Build | House |
| 24:39 | Build | House |
| 25:19 | Build | Farm |
| 25:21 | Build | Farm |
| 25:22 | Build | Farm |
| 25:24 | Build | Farm |
| 25:26 | Build | Farm |
| 25:37 | Build | House |
| 25:39 | Build | House |
| 25:40 | Build | House |
| 25:49 | Create | Villager (Male) |
| 25:49 | Create | Villager (Male) |
| 25:50 | Create | Villager (Male) |
| 25:50 | Create | Villager (Male) |
| 25:55 | Create | Villager (Male) |
| 25:55 | Create | Villager (Male) |
| 25:55 | Create | Villager (Male) |
| 25:56 | Create | Villager (Male) |
| 25:56 | Create | Villager (Male) |
| 26:22 | Build | Barracks |
| 26:23 | Build | Barracks |
| 26:25 | Build | Barracks |
| 26:36 | Build | House |
| 26:37 | Build | House |
| 26:43 | Build | Farm |
| 26:44 | Build | Farm |
| 26:47 | Build | Farm |
Build order — Bliitzz67
First 150 of 516 actions detected
| 0:03 | Build | House |
| 0:05 | Build | House |
| 0:07 | Research | Loom |
| 0:07 | Create | Villager (Male) |
| 0:07 | Create | Villager (Male) |
| 0:08 | Create | Villager (Male) |
| 0:08 | Create | Villager (Male) |
| 0:08 | Create | Villager (Male) |
| 2:10 | Create | Villager (Male) |
| 2:11 | Create | Villager (Male) |
| 2:42 | Build | Lumber Camp |
| 2:48 | Create | Villager (Male) |
| 2:48 | Create | Villager (Male) |
| 2:48 | Create | Villager (Male) |
| 3:16 | Build | House |
| 3:30 | Create | Villager (Male) |
| 3:31 | Create | Villager (Male) |
| 3:31 | Create | Villager (Male) |
| 4:05 | Create | Villager (Male) |
| 4:35 | Create | Villager (Male) |
| 4:35 | Create | Villager (Male) |
| 4:35 | Create | Villager (Male) |
| 5:06 | Build | Mill |
| 5:13 | Create | Villager (Male) |
| 5:50 | Build | House |
| 6:25 | Build | Mining Camp |
| 6:35 | Create | Villager (Male) |
| 6:36 | Create | Villager (Male) |
| 6:36 | Create | Villager (Male) |
| 6:36 | Create | Villager (Male) |
| 6:36 | Create | Villager (Male) |
| 6:37 | Create | Villager (Male) |
| 6:46 | Create | Villager (Male) |
| 8:01 | Build | Farm |
| 8:08 | Create | Villager (Male) |
| 8:29 | Build | Farm |
| 9:33 | Research | Feudal Age |
| 9:35 | Create | Villager (Male) |
| 9:35 | Create | Villager (Male) |
| 9:46 | Build | House |
| 9:55 | Create | Villager (Male) |
| 11:47 | Build | Market |
| 11:51 | Build | Blacksmith |
| 11:54 | Create | Villager (Male) |
| 12:13 | Build | Mining Camp |
| 12:55 | Create | Trade Cart |
| 12:55 | Create | Trade Cart |
| 13:02 | Build | House |
| 13:12 | Research | Castle Age |
| 13:33 | Build | Lumber Camp |
| 13:59 | Research | Double-Bit Axe |
| 14:09 | Build | House |
| 14:33 | Build | Farm |
| 14:47 | Create | Villager (Male) |
| 14:47 | Create | Villager (Male) |
| 14:47 | Create | Villager (Male) |
| 14:48 | Create | Villager (Male) |
| 15:58 | Build | Town Center |
| 16:21 | Build | Town Center |
| 16:54 | Create | Villager (Male) |
| 17:08 | Create | Villager (Male) |
| 17:25 | Create | Villager (Male) |
| 17:25 | Create | Villager (Male) |
| 17:26 | Create | Villager (Male) |
| 17:30 | Create | Villager (Male) |
| 17:33 | Research | Wheelbarrow |
| 17:54 | Create | Villager (Male) |
| 18:00 | Build | Farm |
| 18:05 | Build | Farm |
| 18:18 | Build | Farm |
| 18:19 | Build | Farm |
| 18:21 | Build | Farm |
| 18:28 | Create | Villager (Male) |
| 18:31 | Create | Villager (Male) |
| 18:46 | Build | Farm |
| 18:47 | Build | Farm |
| 19:25 | Create | Villager (Male) |
| 19:26 | Create | Villager (Male) |
| 19:36 | Build | Farm |
| 19:39 | Create | Villager (Male) |
| 19:47 | Build | Farm |
| 19:51 | Build | Farm |
| 19:57 | Create | Villager (Male) |
| 20:02 | Build | Farm |
| 20:05 | Build | Farm |
| 20:06 | Build | Farm |
| 20:09 | Create | Villager (Male) |
| 20:21 | Build | Farm |
| 20:23 | Build | Farm |
| 20:26 | Create | Villager (Male) |
| 20:30 | Create | Villager (Male) |
| 20:49 | Create | Villager (Male) |
| 20:51 | Create | Villager (Male) |
| 21:16 | Build | Castle |
| 21:21 | Build | Mining Camp |
| 21:24 | Create | Villager (Male) |
| 21:25 | Create | Villager (Male) |
| 21:27 | Create | Villager (Male) |
| 21:30 | Create | Villager (Male) |
| 21:39 | Build | Farm |
| 21:41 | Build | Farm |
| 21:44 | Create | Villager (Male) |
| 21:50 | Build | House |
| 21:52 | Build | House |
| 22:16 | Create | Villager (Male) |
| 22:22 | Create | Villager (Male) |
| 22:28 | Build | Farm |
| 22:29 | Build | Farm |
| 22:33 | Research | Horse Collar |
| 22:36 | Create | Villager (Male) |
| 22:37 | Create | Villager (Male) |
| 22:41 | Create | Villager (Male) |
| 22:46 | Build | Farm |
| 22:47 | Build | Farm |
| 23:13 | Build | House |
| 23:14 | Build | House |
| 23:18 | Create | Villager (Male) |
| 23:19 | Create | Villager (Male) |
| 23:20 | Create | Villager (Male) |
| 23:22 | Create | Villager (Male) |
| 23:55 | Build | University |
| 24:21 | Build | Siege Workshop |
| 24:36 | Create | Villager (Male) |
| 24:47 | Create | Villager (Male) |
| 24:50 | Create | Villager (Male) |
| 24:51 | Create | Villager (Male) |
| 24:53 | Create | Villager (Male) |
| 25:11 | Build | House |
| 25:12 | Build | House |
| 25:14 | Build | House |
| 25:15 | Build | House |
| 25:35 | Research | Imperial Age |
| 25:37 | Create | Villager (Male) |
| 25:43 | Create | Villager (Male) |
| 25:51 | Build | Farm |
| 25:53 | Build | Farm |
| 26:11 | Build | Siege Workshop |
| 26:27 | Build | Castle |
| 26:43 | Build | Mining Camp |
| 26:55 | Create | Villager (Male) |
| 26:56 | Create | Villager (Male) |
| 26:57 | Create | Villager (Male) |
| 27:00 | Create | Villager (Male) |
| 27:00 | Create | Villager (Male) |
| 27:01 | Create | Villager (Male) |
| 27:04 | Build | Farm |
| 27:17 | Create | Janissary |
| 27:18 | Create | Janissary |
| 27:18 | Create | Janissary |
| 27:18 | Create | Janissary |
Build order — bastefan
First 150 of 760 actions detected
| 0:04 | Research | Loom |
| 0:12 | Build | House |
| 0:12 | Create | Villager (Male) |
| 0:13 | Create | Villager (Male) |
| 0:13 | Create | Villager (Male) |
| 0:13 | Create | Villager (Male) |
| 0:14 | Create | Villager (Male) |
| 1:52 | Build | Palisade Wall |
| 1:56 | Build | Palisade Gate |
| 2:10 | Create | Villager (Male) |
| 2:26 | Create | Villager (Male) |
| 2:38 | Build | House |
| 3:07 | Create | Villager (Male) |
| 3:08 | Create | Villager (Male) |
| 3:47 | Create | Villager (Male) |
| 3:48 | Create | Villager (Male) |
| 4:27 | Create | Villager (Male) |
| 4:27 | Create | Villager (Male) |
| 4:30 | Create | Villager (Male) |
| 4:52 | Build | Lumber Camp |
| 5:00 | Build | House |
| 5:34 | Create | Villager (Male) |
| 5:34 | Create | Villager (Male) |
| 6:00 | Create | Villager (Male) |
| 6:00 | Create | Villager (Male) |
| 6:01 | Create | Villager (Male) |
| 6:32 | Build | House |
| 6:50 | Build | Mill |
| 7:32 | Create | Villager (Male) |
| 7:32 | Create | Villager (Male) |
| 7:33 | Create | Villager (Male) |
| 7:33 | Create | Villager (Male) |
| 7:33 | Create | Villager (Male) |
| 7:34 | Create | Villager (Male) |
| 7:52 | Build | House |
| 7:53 | Build | House |
| 9:06 | Build | Barracks |
| 9:21 | Create | Villager (Male) |
| 9:21 | Create | Villager (Male) |
| 9:49 | Build | Mill |
| 10:16 | Build | Mining Camp |
| 10:22 | Create | Villager (Male) |
| 10:23 | Create | Villager (Male) |
| 10:59 | Create | Villager (Male) |
| 11:03 | Create | Villager (Male) |
| 11:39 | Build | Mining Camp |
| 11:43 | Research | Feudal Age |
| 12:23 | Build | House |
| 12:24 | Build | House |
| 12:25 | Build | House |
| 12:26 | Build | House |
| 12:27 | Build | House |
| 12:37 | Create | Villager (Male) |
| 12:40 | Create | Villager (Male) |
| 13:27 | Build | Lumber Camp |
| 13:55 | Age | Feudal Age |
| 14:00 | Research | Horse Collar |
| 14:01 | Research | Double-Bit Axe |
| 14:14 | Build | Market |
| 14:33 | Create | Villager (Male) |
| 14:34 | Create | Villager (Male) |
| 14:34 | Create | Villager (Male) |
| 14:35 | Create | Villager (Male) |
| 14:54 | Build | Blacksmith |
| 16:49 | Research | Castle Age |
| 18:02 | Create | Villager (Male) |
| 18:02 | Create | Villager (Male) |
| 19:29 | Age | Castle Age |
| 19:33 | Build | Town Center |
| 19:42 | Build | Town Center |
| 19:53 | Build | Castle |
| 20:07 | Create | Villager (Male) |
| 20:07 | Create | Villager (Male) |
| 20:13 | Build | Farm |
| 20:27 | Build | Farm |
| 20:41 | Build | Town Center |
| 20:55 | Build | Farm |
| 21:00 | Create | Villager (Male) |
| 21:19 | Build | Mining Camp |
| 21:27 | Create | Villager (Male) |
| 21:32 | Build | Farm |
| 21:37 | Build | Farm |
| 21:37 | Build | Farm |
| 21:42 | Build | Farm |
| 21:52 | Create | Villager (Male) |
| 22:01 | Build | Farm |
| 22:03 | Build | Farm |
| 22:13 | Build | Farm |
| 22:29 | Build | Farm |
| 22:36 | Build | Farm |
| 22:37 | Create | Villager (Male) |
| 22:42 | Create | Villager (Male) |
| 23:00 | Build | Farm |
| 23:02 | Build | Farm |
| 23:11 | Build | Farm |
| 23:36 | Research | Bow Saw |
| 23:51 | Create | Villager (Male) |
| 23:53 | Create | Villager (Male) |
| 23:55 | Create | Villager (Male) |
| 24:01 | Create | Villager (Male) |
| 24:08 | Build | Farm |
| 24:10 | Build | Farm |
| 24:11 | Build | Farm |
| 24:14 | Create | Villager (Male) |
| 24:18 | Create | Villager (Male) |
| 24:25 | Build | Farm |
| 24:38 | Build | Farm |
| 24:41 | Create | Villager (Male) |
| 24:46 | Create | Villager (Male) |
| 24:58 | Create | Huskarl |
| 24:59 | Create | Huskarl |
| 24:59 | Create | Huskarl |
| 24:59 | Create | Huskarl |
| 25:03 | Create | Huskarl |
| 25:16 | Research | Scale Mail Armor |
| 25:22 | Build | Farm |
| 25:30 | Build | Farm |
| 25:30 | Build | Farm |
| 25:34 | Create | Villager (Male) |
| 25:35 | Create | Villager (Male) |
| 25:36 | Create | Villager (Male) |
| 25:41 | Build | Farm |
| 25:41 | Build | Farm |
| 25:47 | Create | Huskarl |
| 25:47 | Create | Huskarl |
| 26:09 | Create | Villager (Male) |
| 26:10 | Create | Villager (Male) |
| 26:11 | Create | Villager (Male) |
| 26:15 | Create | Villager (Male) |
| 26:20 | Build | Farm |
| 26:24 | Create | Huskarl |
| 26:24 | Create | Huskarl |
| 26:35 | Create | Huskarl |
| 26:35 | Create | Huskarl |
| 26:36 | Create | Huskarl |
| 26:58 | Research | Chain Mail Armor |
| 27:03 | Create | Villager (Male) |
| 27:08 | Create | Villager (Male) |
| 27:11 | Build | Farm |
| 27:21 | Build | Farm |
| 27:22 | Build | Farm |
| 27:22 | Build | Farm |
| 27:22 | Build | Farm |
| 27:22 | Build | Farm |
| 27:23 | Build | Farm |
| 27:23 | Build | Farm |
| 27:23 | Build | Farm |
| 27:27 | Build | Farm |
| 27:42 | Create | Villager (Male) |
| 27:43 | Create | Villager (Male) |
Build order — Sikici
First 150 of 437 actions detected
| 0:01 | Create | Villager (Male) |
| 0:02 | Create | Villager (Male) |
| 0:02 | Create | Villager (Male) |
| 0:06 | Build | House |
| 0:06 | Build | House |
| 0:08 | Build | House |
| 0:08 | Build | House |
| 0:17 | Create | Villager (Male) |
| 1:23 | Research | Loom |
| 1:51 | Create | Villager (Male) |
| 1:51 | Create | Villager (Male) |
| 2:28 | Create | Villager (Male) |
| 2:28 | Create | Villager (Male) |
| 3:10 | Create | Villager (Male) |
| 3:35 | Create | Villager (Male) |
| 3:35 | Create | Villager (Male) |
| 4:06 | Create | Villager (Male) |
| 4:06 | Create | Villager (Male) |
| 4:30 | Create | Villager (Male) |
| 4:46 | Build | Mill |
| 5:00 | Create | Villager (Male) |
| 5:24 | Create | Villager (Male) |
| 6:02 | Create | Villager (Male) |
| 6:36 | Create | Villager (Male) |
| 6:58 | Create | Villager (Male) |
| 7:19 | Build | Lumber Camp |
| 7:46 | Create | Villager (Male) |
| 8:32 | Research | Feudal Age |
| 8:37 | Build | Farm |
| 8:38 | Build | Farm |
| 8:38 | Build | Farm |
| 8:38 | Build | Farm |
| 8:39 | Build | Farm |
| 8:39 | Build | Farm |
| 8:40 | Build | Farm |
| 8:41 | Build | Farm |
| 9:03 | Create | Villager (Male) |
| 9:03 | Create | Villager (Male) |
| 10:36 | Build | House |
| 10:39 | Build | House |
| 10:42 | Age | Feudal Age |
| 10:44 | Create | Villager (Male) |
| 10:47 | Research | Double-Bit Axe |
| 10:49 | Research | Horse Collar |
| 11:07 | Build | Stone Wall |
| 11:17 | Build | Mining Camp |
| 11:53 | Build | Market |
| 11:57 | Create | Villager (Male) |
| 11:57 | Create | Villager (Male) |
| 12:27 | Create | Villager (Male) |
| 12:52 | Build | Stone Wall |
| 12:56 | Build | Stone Wall |
| 13:03 | Create | Villager (Male) |
| 13:16 | Research | Gold Mining |
| 13:33 | Build | Blacksmith |
| 13:43 | Build | Mining Camp |
| 13:58 | Create | Villager (Male) |
| 13:58 | Create | Villager (Male) |
| 14:37 | Create | Villager (Male) |
| 15:00 | Build | Mining Camp |
| 16:19 | Research | Castle Age |
| 16:20 | Research | Castle Age |
| 16:41 | Build | House |
| 16:42 | Build | House |
| 17:09 | Create | Villager (Male) |
| 17:10 | Create | Villager (Male) |
| 17:14 | Build | Farm |
| 17:14 | Build | Farm |
| 17:17 | Create | Villager (Male) |
| 17:17 | Create | Villager (Male) |
| 17:57 | Create | Trade Cart |
| 18:01 | Create | Trade Cart |
| 18:02 | Create | Trade Cart |
| 18:10 | Build | House |
| 18:11 | Build | House |
| 18:59 | Age | Castle Age |
| 19:09 | Build | University |
| 19:22 | Build | Town Center |
| 19:28 | Research | Bow Saw |
| 19:32 | Create | Villager (Male) |
| 19:47 | Build | Monastery |
| 20:13 | Research | Fortified Wall (upgrade) |
| 20:29 | Build | Farm |
| 20:31 | Build | Farm |
| 20:36 | Create | Villager (Male) |
| 20:36 | Create | Villager (Male) |
| 20:36 | Create | Villager (Male) |
| 20:36 | Create | Villager (Male) |
| 20:41 | Build | Farm |
| 20:51 | Create | Villager (Male) |
| 20:51 | Create | Villager (Male) |
| 21:20 | Create | Monk |
| 21:58 | Build | Town Center |
| 22:09 | Create | Monk |
| 22:36 | Create | Villager (Male) |
| 22:36 | Create | Villager (Male) |
| 22:37 | Create | Villager (Male) |
| 22:39 | Create | Villager (Male) |
| 22:40 | Create | Villager (Male) |
| 22:40 | Create | Villager (Male) |
| 22:46 | Build | Farm |
| 22:47 | Build | Farm |
| 22:49 | Build | Farm |
| 22:50 | Build | Farm |
| 22:51 | Build | Farm |
| 22:52 | Build | Farm |
| 22:52 | Build | Farm |
| 22:53 | Build | Farm |
| 22:59 | Create | Villager (Male) |
| 23:24 | Research | Fervor |
| 24:32 | Build | Monastery |
| 24:51 | Create | Monk |
| 24:59 | Create | Villager (Male) |
| 24:59 | Create | Villager (Male) |
| 25:09 | Research | Heavy Plow |
| 25:12 | Research | Gold Shaft Mining |
| 25:12 | Research | Stone Mining |
| 25:24 | Build | Castle |
| 25:39 | Create | Monk |
| 25:46 | Create | Villager (Male) |
| 25:46 | Create | Villager (Male) |
| 25:46 | Create | Villager (Male) |
| 25:46 | Create | Villager (Male) |
| 25:56 | Build | Farm |
| 25:56 | Build | Farm |
| 25:56 | Build | Farm |
| 25:57 | Build | Farm |
| 25:57 | Build | Farm |
| 25:57 | Build | Farm |
| 25:57 | Build | Farm |
| 25:59 | Build | Farm |
| 26:07 | Create | Trade Cart |
| 26:07 | Create | Trade Cart |
| 26:15 | Create | Villager (Male) |
| 26:16 | Create | Villager (Male) |
| 26:16 | Create | Villager (Male) |
| 27:00 | Create | Villager (Male) |
| 27:00 | Create | Villager (Male) |
| 27:09 | Build | House |
| 27:09 | Build | House |
| 27:10 | Build | House |
| 27:11 | Build | House |
| 27:11 | Build | House |
| 27:12 | Build | House |
| 27:13 | Build | House |
| 27:14 | Build | House |
| 27:32 | Research | Wheelbarrow |
| 28:17 | Research | Caravan |
| 28:25 | Create | Trade Cart |
| 28:25 | Create | Trade Cart |
Build order — 我的粗硬大DIO25厘米长
First 150 of 409 actions detected
| 0:05 | Build | House |
| 0:08 | Create | Villager (Male) |
| 0:08 | Create | Villager (Male) |
| 0:09 | Create | Villager (Male) |
| 0:09 | Create | Villager (Male) |
| 1:57 | Create | Villager (Male) |
| 1:57 | Create | Villager (Male) |
| 1:57 | Create | Villager (Male) |
| 2:04 | Build | House |
| 2:32 | Create | Villager (Male) |
| 3:11 | Build | House |
| 3:18 | Create | Villager (Male) |
| 3:18 | Create | Villager (Male) |
| 3:18 | Create | Villager (Male) |
| 3:46 | Build | Settlement |
| 3:51 | Create | Villager (Male) |
| 3:52 | Create | Villager (Male) |
| 4:37 | Create | Villager (Male) |
| 5:20 | Create | Villager (Male) |
| 5:34 | Create | Villager (Male) |
| 6:47 | Build | Settlement |
| 7:01 | Create | Villager (Male) |
| 7:01 | Create | Villager (Male) |
| 7:01 | Create | Villager (Male) |
| 7:37 | Build | Palisade Wall |
| 7:44 | Create | Villager (Male) |
| 7:45 | Create | Villager (Male) |
| 8:03 | Create | Villager (Male) |
| 8:31 | Create | Villager (Male) |
| 8:53 | Build | Settlement |
| 8:59 | Create | Villager (Male) |
| 9:00 | Create | Villager (Male) |
| 9:22 | Create | Villager (Male) |
| 10:14 | Build | Palisade Gate |
| 10:25 | Create | Villager (Male) |
| 10:42 | Create | Villager (Male) |
| 10:50 | Create | Villager (Male) |
| 11:11 | Research | Feudal Age |
| 11:42 | Build | Farm |
| 11:46 | Build | Farm |
| 12:18 | Build | Farm |
| 12:20 | Build | Farm |
| 12:22 | Build | Farm |
| 12:44 | Build | Farm |
| 13:44 | Create | Villager (Male) |
| 13:44 | Create | Villager (Male) |
| 13:45 | Create | Villager (Male) |
| 13:46 | Create | Villager (Male) |
| 13:46 | Age | Feudal Age |
| 13:50 | Research | Double-Bit Axe |
| 13:56 | Build | Blacksmith |
| 14:08 | Build | Market |
| 14:15 | Create | Villager (Male) |
| 14:42 | Build | Settlement |
| 15:07 | Build | Farm |
| 15:33 | Build | Farm |
| 15:34 | Create | Villager (Male) |
| 15:38 | Research | Castle Age |
| 15:50 | Build | Farm |
| 15:51 | Build | Farm |
| 15:52 | Build | Farm |
| 15:54 | Build | Farm |
| 16:00 | Build | Farm |
| 16:23 | Build | Farm |
| 16:30 | Build | Farm |
| 16:51 | Research | Horse Collar |
| 17:24 | Create | Villager (Male) |
| 18:27 | Create | Trade Cart |
| 18:56 | Age | Castle Age |
| 19:02 | Build | Town Center |
| 19:13 | Build | Town Center |
| 19:21 | Build | Town Center |
| 19:23 | Create | Villager (Male) |
| 19:45 | Create | Villager (Male) |
| 19:49 | Research | Bow Saw |
| 19:50 | Research | Heavy Plow |
| 20:32 | Create | Villager (Male) |
| 20:33 | Create | Villager (Male) |
| 20:43 | Build | Town Center |
| 20:48 | Create | Villager (Male) |
| 20:48 | Create | Villager (Male) |
| 20:51 | Create | Villager (Male) |
| 20:53 | Create | Villager (Male) |
| 20:53 | Create | Villager (Male) |
| 21:06 | Research | Wheelbarrow |
| 21:08 | Create | Villager (Male) |
| 21:25 | Build | House |
| 21:30 | Build | House |
| 21:31 | Build | House |
| 21:33 | Build | House |
| 21:35 | Build | House |
| 21:36 | Build | House |
| 21:39 | Build | Farm |
| 21:40 | Create | Villager (Male) |
| 21:44 | Create | Villager (Male) |
| 21:48 | Create | Villager (Male) |
| 21:51 | Build | Farm |
| 21:52 | Create | Villager (Male) |
| 22:07 | Create | Trade Cart |
| 22:13 | Build | Farm |
| 22:14 | Create | Villager (Male) |
| 22:21 | Create | Villager (Male) |
| 22:30 | Create | Villager (Male) |
| 22:39 | Create | Villager (Male) |
| 22:39 | Create | Villager (Male) |
| 22:50 | Build | House |
| 22:51 | Build | House |
| 22:52 | Build | House |
| 22:56 | Research | Stone Mining |
| 22:59 | Create | Villager (Male) |
| 23:02 | Create | Villager (Male) |
| 23:03 | Create | Villager (Male) |
| 23:04 | Create | Villager (Male) |
| 23:10 | Create | Villager (Male) |
| 23:22 | Research | Hand Cart |
| 23:27 | Create | Villager (Male) |
| 23:40 | Create | Villager (Male) |
| 23:56 | Build | Farm |
| 23:57 | Create | Villager (Male) |
| 24:00 | Create | Villager (Male) |
| 24:03 | Create | Villager (Male) |
| 24:26 | Create | Villager (Male) |
| 24:28 | Create | Villager (Male) |
| 24:31 | Create | Villager (Male) |
| 24:34 | Build | Farm |
| 24:35 | Create | Villager (Male) |
| 24:38 | Create | Villager (Male) |
| 24:47 | Create | Villager (Male) |
| 24:50 | Build | Farm |
| 24:58 | Build | House |
| 24:59 | Build | House |
| 25:00 | Build | House |
| 25:06 | Create | Villager (Male) |
| 25:11 | Build | Farm |
| 25:17 | Create | Villager (Male) |
| 25:28 | Create | Villager (Male) |
| 25:32 | Create | Villager (Male) |
| 25:32 | Create | Villager (Male) |
| 25:36 | Build | Farm |
| 25:37 | Build | Farm |
| 25:39 | Build | Farm |
| 25:41 | Create | Villager (Male) |
| 25:47 | Build | Farm |
| 25:49 | Build | Farm |
| 25:56 | Create | Villager (Male) |
| 25:56 | Create | Villager (Male) |
| 25:56 | Create | Villager (Male) |
| 26:01 | Create | Villager (Male) |
| 26:08 | Build | Farm |
| 26:09 | Create | Villager (Male) |
Build order — basbr
First 150 of 488 actions detected
| 0:03 | Build | House |
| 0:04 | Create | Villager (Male) |
| 0:04 | Create | Villager (Male) |
| 0:05 | Create | Villager (Male) |
| 0:05 | Create | Villager (Male) |
| 0:21 | Build | House |
| 1:29 | Create | Villager (Male) |
| 1:29 | Create | Villager (Male) |
| 2:02 | Create | Villager (Male) |
| 2:02 | Create | Villager (Male) |
| 2:23 | Create | Villager (Male) |
| 2:24 | Create | Villager (Male) |
| 2:32 | Build | Lumber Camp |
| 3:05 | Create | Villager (Male) |
| 3:05 | Create | Villager (Male) |
| 3:05 | Create | Villager (Male) |
| 3:55 | Create | Villager (Male) |
| 3:55 | Create | Villager (Male) |
| 4:36 | Create | Villager (Male) |
| 4:36 | Create | Villager (Male) |
| 4:36 | Create | Villager (Male) |
| 5:02 | Build | Palisade Wall |
| 5:39 | Build | House |
| 5:48 | Create | Villager (Male) ×4 |
| 5:53 | Research | Loom |
| 5:54 | Create | Villager (Male) ×5 |
| 7:28 | Build | House |
| 7:35 | Create | Villager (Male) ×5 |
| 7:49 | Build | Mill |
| 7:52 | Create | Villager (Male) |
| 8:46 | Research | Feudal Age |
| 9:29 | Create | Villager (Male) |
| 9:29 | Create | Villager (Male) |
| 9:29 | Create | Villager (Male) |
| 9:30 | Create | Villager (Male) |
| 9:59 | Build | Palisade Gate |
| 10:17 | Build | Mill |
| 10:35 | Create | Villager (Male) |
| 10:56 | Age | Feudal Age |
| 11:02 | Build | Town Center |
| 11:50 | Create | Villager (Male) |
| 11:54 | Research | Double-Bit Axe |
| 12:00 | Create | Villager (Male) |
| 12:00 | Create | Villager (Male) |
| 12:26 | Build | Palisade Wall |
| 12:37 | Create | Villager (Male) ×2 |
| 13:08 | Create | Villager (Male) |
| 13:20 | Research | Horse Collar |
| 13:32 | Build | Farm |
| 13:39 | Build | Farm |
| 13:43 | Build | Farm |
| 13:46 | Create | Villager (Male) ×4 |
| 14:21 | Create | Villager (Male) |
| 14:24 | Create | Villager (Male) |
| 14:28 | Create | Villager (Male) |
| 14:32 | Build | Farm |
| 14:32 | Build | Farm |
| 14:48 | Build | House |
| 14:49 | Build | House |
| 14:54 | Create | Villager (Male) ×3 |
| 15:02 | Build | Farm |
| 15:15 | Build | Farm |
| 15:24 | Build | Farm |
| 15:51 | Build | Palisade Gate |
| 16:19 | Create | Villager (Male) |
| 16:19 | Create | Villager (Male) |
| 16:20 | Create | Villager (Male) |
| 16:20 | Create | Villager (Male) |
| 16:30 | Build | Farm |
| 16:33 | Create | Villager (Male) |
| 16:33 | Create | Villager (Male) |
| 16:45 | Build | Farm |
| 16:48 | Build | Farm |
| 17:11 | Create | Villager (Male) |
| 17:12 | Create | Villager (Male) |
| 17:24 | Build | House |
| 17:25 | Build | House |
| 17:26 | Build | House |
| 17:35 | Create | Villager (Male) ×2 |
| 17:41 | Research | Town Watch |
| 17:42 | Create | Villager (Male) |
| 17:56 | Build | Farm |
| 18:01 | Build | Farm |
| 18:18 | Create | Villager (Male) |
| 18:19 | Create | Villager (Male) |
| 18:20 | Create | Villager (Male) |
| 18:20 | Create | Villager (Male) |
| 18:40 | Build | Barracks |
| 18:48 | Create | Villager (Male) |
| 18:48 | Create | Villager (Male) |
| 18:56 | Build | Farm |
| 18:59 | Build | Farm |
| 19:02 | Build | Farm |
| 19:06 | Build | Farm |
| 19:06 | Build | Farm |
| 19:23 | Build | Farm |
| 19:27 | Build | Farm |
| 19:36 | Build | Market |
| 19:52 | Build | Archery Range |
| 20:14 | Build | Mining Camp |
| 20:20 | Create | Villager (Male) |
| 20:20 | Create | Villager (Male) |
| 20:20 | Create | Villager (Male) |
| 20:21 | Create | Villager (Male) |
| 20:23 | Create | Villager (Male) |
| 20:23 | Create | Villager (Male) |
| 20:23 | Create | Villager (Male) |
| 20:24 | Create | Villager (Male) |
| 20:24 | Create | Villager (Male) |
| 20:24 | Create | Villager (Male) |
| 20:36 | Build | Farm |
| 20:53 | Build | Farm |
| 21:02 | Create | Villager (Male) |
| 21:02 | Create | Villager (Male) |
| 21:04 | Create | Villager (Male) |
| 21:05 | Create | Villager (Male) |
| 21:05 | Create | Villager (Male) |
| 21:15 | Create | Villager (Male) |
| 21:21 | Create | Villager (Male) |
| 21:24 | Create | Villager (Male) |
| 21:32 | Build | Farm |
| 21:37 | Build | Farm |
| 21:41 | Build | House |
| 21:42 | Build | House |
| 21:43 | Build | House |
| 21:58 | Create | Archer ×5 |
| 22:12 | Build | Farm |
| 22:13 | Build | Farm |
| 22:30 | Create | Archer |
| 22:43 | Build | Blacksmith |
| 23:21 | Build | Siege Workshop |
| 23:32 | Research | Castle Age |
| 23:33 | Create | Villager (Male) |
| 23:34 | Create | Villager (Male) |
| 23:34 | Create | Villager (Male) |
| 23:36 | Create | Villager (Male) ×5 |
| 23:42 | Build | Farm |
| 23:42 | Build | Farm |
| 23:43 | Build | Farm |
| 24:02 | Create | Trade Cart |
| 24:13 | Research | Arson |
| 24:45 | Build | Farm |
| 24:46 | Build | Farm |
| 24:47 | Build | Farm |
| 24:48 | Build | Farm |
| 24:58 | Create | Villager (Male) ×5 |
| 25:00 | Research | Wheelbarrow |
| 25:01 | Create | Villager (Male) ×5 |
| 25:12 | Create | Trade Cart |
| 25:21 | Build | House |
Build order — Gimli der Geier
First 150 of 868 actions detected
| 0:01 | Create | Villager (Male) |
| 0:02 | Create | Villager (Male) |
| 0:03 | Build | House |
| 0:05 | Build | House |
| 0:32 | Create | Villager (Male) |
| 0:33 | Create | Villager (Male) |
| 1:40 | Create | Villager (Male) |
| 2:04 | Create | Villager (Male) |
| 2:14 | Build | Lumber Camp |
| 2:14 | Create | Villager (Male) |
| 2:56 | Create | Villager (Male) |
| 3:08 | Create | Villager (Male) |
| 3:25 | Create | Villager (Male) |
| 3:40 | Build | House |
| 4:14 | Create | Villager (Male) |
| 4:15 | Create | Villager (Male) |
| 4:15 | Create | Villager (Male) |
| 4:19 | Build | Mill |
| 4:46 | Create | Villager (Male) |
| 5:26 | Create | Villager (Male) |
| 5:33 | Build | Farm |
| 6:13 | Build | Farm |
| 6:15 | Create | Villager (Male) |
| 6:51 | Create | Villager (Male) |
| 6:51 | Create | Villager (Male) |
| 6:55 | Research | Loom |
| 6:59 | Build | House |
| 7:02 | Create | Villager (Male) |
| 7:12 | Create | Villager (Male) |
| 7:37 | Build | Farm |
| 7:50 | Create | Villager (Male) |
| 7:51 | Create | Villager (Male) |
| 7:54 | Create | Villager (Male) |
| 8:16 | Build | Mining Camp |
| 8:22 | Research | Feudal Age |
| 8:33 | Build | Farm |
| 9:09 | Build | House |
| 10:21 | Build | Farm |
| 10:25 | Build | Farm |
| 11:37 | Create | Villager (Male) |
| 11:37 | Age | Feudal Age |
| 11:46 | Build | Market |
| 11:50 | Create | Villager (Male) |
| 12:00 | Build | House |
| 12:13 | Research | Double-Bit Axe |
| 12:19 | Create | Villager (Male) |
| 12:43 | Create | Villager (Male) |
| 13:09 | Build | Blacksmith |
| 13:17 | Research | Horse Collar |
| 13:20 | Build | Farm |
| 13:31 | Create | Villager (Male) |
| 13:42 | Research | Castle Age |
| 13:49 | Build | Farm |
| 13:54 | Build | Farm |
| 13:59 | Build | Farm |
| 14:00 | Create | Villager (Male) |
| 14:04 | Build | Farm |
| 14:34 | Create | Villager (Male) |
| 15:42 | Build | Mining Camp |
| 16:36 | Age | Castle Age |
| 16:39 | Build | Town Center |
| 16:42 | Create | Villager (Male) |
| 17:51 | Build | Town Center |
| 17:52 | Create | Villager (Male) |
| 17:52 | Create | Villager (Male) |
| 17:53 | Create | Villager (Male) |
| 17:53 | Create | Villager (Male) |
| 18:10 | Create | Villager (Male) |
| 18:11 | Create | Villager (Male) |
| 18:11 | Create | Villager (Male) |
| 18:12 | Create | Villager (Male) |
| 18:12 | Create | Villager (Male) |
| 18:48 | Create | Villager (Male) |
| 18:52 | Build | Farm |
| 18:54 | Research | Bow Saw |
| 18:58 | Research | Heavy Plow |
| 19:01 | Create | Villager (Male) |
| 19:04 | Build | Farm |
| 19:18 | Build | Farm |
| 19:27 | Build | House |
| 19:29 | Build | House |
| 19:36 | Create | Villager (Male) |
| 19:36 | Create | Villager (Male) |
| 19:36 | Create | Villager (Male) |
| 19:43 | Create | Villager (Male) |
| 19:43 | Create | Villager (Male) |
| 19:44 | Create | Villager (Male) |
| 19:44 | Create | Villager (Male) |
| 19:45 | Create | Villager (Male) |
| 19:45 | Create | Villager (Male) |
| 19:46 | Create | Villager (Male) |
| 19:46 | Create | Villager (Male) |
| 19:47 | Create | Villager (Male) |
| 19:47 | Create | Villager (Male) |
| 19:47 | Create | Villager (Male) |
| 19:55 | Build | Lumber Camp |
| 20:02 | Build | Lumber Camp |
| 20:07 | Create | Villager (Male) |
| 20:07 | Create | Villager (Male) |
| 20:07 | Create | Villager (Male) |
| 20:12 | Build | Farm |
| 20:34 | Create | Villager (Male) |
| 20:34 | Create | Villager (Male) |
| 20:35 | Create | Villager (Male) |
| 20:37 | Build | House |
| 20:38 | Build | House |
| 20:38 | Build | House |
| 20:39 | Create | Villager (Male) |
| 21:03 | Build | Farm |
| 21:05 | Build | Farm |
| 21:12 | Create | Villager (Male) |
| 21:34 | Build | University |
| 21:35 | Create | Villager (Male) |
| 21:35 | Create | Villager (Male) |
| 21:35 | Create | Villager (Male) |
| 21:36 | Create | Villager (Male) |
| 21:38 | Build | House |
| 21:48 | Build | Farm |
| 21:52 | Build | Farm |
| 21:52 | Create | Villager (Male) |
| 21:52 | Create | Villager (Male) |
| 21:53 | Create | Villager (Male) |
| 21:59 | Research | Wheelbarrow |
| 22:08 | Build | House |
| 22:09 | Build | House |
| 22:10 | Build | House |
| 22:10 | Build | House |
| 22:10 | Build | House |
| 22:23 | Create | Villager (Male) |
| 22:24 | Create | Villager (Male) |
| 22:24 | Create | Villager (Male) |
| 22:25 | Create | Villager (Male) |
| 22:29 | Build | Mining Camp |
| 22:34 | Create | Villager (Male) |
| 22:34 | Create | Villager (Male) |
| 22:34 | Create | Villager (Male) |
| 22:45 | Build | Barracks |
| 22:46 | Create | Villager (Male) |
| 22:46 | Create | Villager (Male) |
| 22:46 | Create | Villager (Male) |
| 23:03 | Build | Farm |
| 23:07 | Build | Farm |
| 23:13 | Build | Farm |
| 23:20 | Build | Farm |
| 23:25 | Build | Farm |
| 23:25 | Create | Villager (Male) |
| 23:26 | Create | Villager (Male) |
| 23:26 | Create | Villager (Male) |
| 23:26 | Create | Villager (Male) |
| 23:44 | Build | Mining Camp |
Build order — Low Income Barony
First 150 of 605 actions detected
| 0:04 | Build | House |
| 0:05 | Build | House |
| 0:07 | Create | Villager (Male) ×4 |
| 1:22 | Create | Villager (Male) |
| 1:23 | Create | Villager (Male) |
| 1:23 | Create | Villager (Male) |
| 1:59 | Build | Lumber Camp |
| 2:06 | Create | Villager (Male) |
| 2:06 | Create | Villager (Male) |
| 2:27 | Create | Villager (Male) |
| 2:27 | Create | Villager (Male) |
| 2:50 | Create | Villager (Male) |
| 2:51 | Create | Villager (Male) |
| 3:06 | Build | House |
| 3:13 | Create | Villager (Male) |
| 3:13 | Create | Villager (Male) |
| 3:14 | Create | Villager (Male) |
| 3:14 | Create | Villager (Male) |
| 3:14 | Create | Villager (Male) |
| 3:14 | Create | Villager (Male) |
| 3:56 | Create | Villager (Male) |
| 3:56 | Create | Villager (Male) |
| 3:57 | Create | Villager (Male) |
| 4:26 | Build | Mill |
| 4:38 | Build | House |
| 4:51 | Create | Villager (Male) |
| 4:51 | Create | Villager (Male) |
| 4:52 | Create | Villager (Male) |
| 4:52 | Create | Villager (Male) |
| 4:52 | Create | Villager (Male) |
| 5:25 | Create | Villager (Male) |
| 5:25 | Create | Villager (Male) |
| 5:26 | Create | Villager (Male) |
| 6:40 | Create | Villager (Male) |
| 7:32 | Research | Feudal Age |
| 7:33 | Research | Feudal Age |
| 7:33 | Research | Feudal Age |
| 7:42 | Build | Mining Camp |
| 8:11 | Build | Farm |
| 8:11 | Build | Farm |
| 8:11 | Build | Farm |
| 8:42 | Build | Farm |
| 8:58 | Create | Villager (Male) |
| 8:58 | Create | Villager (Male) |
| 8:58 | Create | Villager (Male) |
| 8:59 | Create | Villager (Male) |
| 9:42 | Age | Feudal Age |
| 9:44 | Research | Double-Bit Axe |
| 10:32 | Build | House |
| 11:10 | Build | Market |
| 11:21 | Create | Villager (Male) |
| 11:21 | Create | Villager (Male) |
| 11:22 | Create | Villager (Male) |
| 11:55 | Build | Blacksmith |
| 12:20 | Build | Farm |
| 12:36 | Create | Villager (Male) |
| 13:01 | Research | Castle Age |
| 13:01 | Research | Castle Age |
| 13:01 | Research | Castle Age |
| 13:12 | Build | House |
| 13:43 | Build | Mining Camp |
| 15:42 | Age | Castle Age |
| 15:45 | Build | Town Center |
| 15:48 | Research | Wheelbarrow |
| 16:14 | Build | Town Center |
| 16:19 | Create | Villager (Male) |
| 16:19 | Create | Villager (Male) |
| 16:19 | Create | Villager (Male) |
| 17:08 | Create | Villager (Male) |
| 17:08 | Create | Villager (Male) |
| 17:08 | Create | Villager (Male) |
| 17:08 | Create | Villager (Male) |
| 17:24 | Create | Villager (Male) |
| 17:24 | Create | Villager (Male) |
| 17:24 | Create | Villager (Male) |
| 17:53 | Create | Villager (Male) |
| 17:54 | Create | Villager (Male) |
| 17:54 | Create | Villager (Male) |
| 18:04 | Create | Villager (Male) |
| 18:04 | Create | Villager (Male) |
| 18:17 | Build | Stone Wall |
| 18:19 | Build | Gate |
| 18:31 | Create | Villager (Male) |
| 18:31 | Create | Villager (Male) |
| 18:32 | Create | Villager (Male) |
| 18:32 | Create | Villager (Male) |
| 18:35 | Build | Farm |
| 18:38 | Build | Farm |
| 18:42 | Build | Farm |
| 18:48 | Build | Farm |
| 18:51 | Create | Villager (Male) |
| 18:52 | Create | Villager (Male) |
| 18:52 | Create | Villager (Male) |
| 18:52 | Create | Villager (Male) |
| 18:55 | Create | Villager (Male) |
| 18:55 | Create | Villager (Male) |
| 18:56 | Create | Villager (Male) |
| 18:56 | Create | Villager (Male) |
| 18:56 | Create | Villager (Male) |
| 18:57 | Build | Farm |
| 19:00 | Build | Farm |
| 19:17 | Build | Farm |
| 19:17 | Create | Villager (Male) |
| 19:18 | Create | Villager (Male) |
| 19:18 | Create | Villager (Male) |
| 19:29 | Create | Villager (Male) |
| 19:37 | Build | House |
| 19:38 | Build | House |
| 19:40 | Build | House |
| 19:41 | Create | Villager (Male) |
| 19:42 | Create | Villager (Male) |
| 19:42 | Create | Villager (Male) |
| 19:42 | Create | Villager (Male) |
| 19:55 | Create | Villager (Male) |
| 19:55 | Create | Villager (Male) |
| 19:55 | Create | Villager (Male) |
| 20:09 | Build | House |
| 20:10 | Build | House |
| 20:11 | Build | House |
| 20:12 | Build | House |
| 20:15 | Build | House |
| 20:16 | Build | House |
| 20:17 | Build | House |
| 20:19 | Create | Villager (Male) |
| 20:19 | Create | Villager (Male) |
| 20:20 | Create | Villager (Male) |
| 20:20 | Create | Villager (Male) |
| 20:46 | Research | Bow Saw |
| 20:47 | Create | Villager (Male) |
| 20:47 | Create | Villager (Male) |
| 20:47 | Create | Villager (Male) |
| 20:53 | Create | Villager (Male) |
| 20:53 | Create | Villager (Male) |
| 20:53 | Create | Villager (Male) |
| 21:04 | Create | Villager (Male) |
| 21:05 | Create | Villager (Male) |
| 21:05 | Create | Villager (Male) |
| 21:10 | Build | Farm |
| 21:13 | Build | Farm |
| 21:16 | Build | Farm |
| 21:21 | Create | Villager (Male) |
| 21:21 | Create | Villager (Male) |
| 21:21 | Create | Villager (Male) |
| 21:21 | Create | Villager (Male) |
| 21:21 | Create | Villager (Male) |
| 21:34 | Create | Villager (Male) |
| 21:34 | Create | Villager (Male) |
| 21:34 | Create | Villager (Male) |
| 21:34 | Create | Villager (Male) |
| 21:34 | Create | Villager (Male) |
Match timeline
| 1:52 | bastefan · wall_segment Palisade Wall x25 |
| 5:02 | basbr · wall_segment Palisade Wall x24 |
| 7:37 | 我的粗硬大DIO25厘米长 · wall_segment Palisade Wall x26 |
| 9:06 | bastefan · first_building Barracks |
| 9:42 | Low Income Barony · age_up feudal |
| 10:42 | Sikici · age_up feudal |
| 10:56 | basbr · age_up feudal |
| 11:07 | Sikici · wall_segment Stone Wall x4 |
| 11:18 | 玛尔斯 · first_building Barracks |
| 11:37 | Gimli der Geier · age_up feudal |
| 12:15 | Low Income Barony · first_market_sell 100 stone |
| 12:16 | 玛尔斯 · age_up feudal |
| 12:16 | Low Income Barony · first_market_buy 100 food |
| 12:26 | basbr · wall_segment Palisade Wall x25 |
| 12:52 | Sikici · wall_segment Stone Wall x11 |
| 12:56 | Sikici · wall_segment Stone Wall x15 |
| 13:46 | 我的粗硬大DIO25厘米长 · age_up feudal |
| 13:55 | bastefan · age_up feudal |
| 15:42 | Low Income Barony · age_up castle |
| 15:57 | bastefan · first_market_sell 100 wood |
| 16:00 | bastefan · first_market_buy 100 food |
| 16:15 | Bliitzz67 · first_market_buy 100 wood |
| 16:36 | Gimli der Geier · age_up castle |
| 18:17 | Low Income Barony · wall_segment Stone Wall x30 |
| 18:40 | basbr · first_building Barracks |
| 18:54 | 玛尔斯 · age_up castle |
| 18:56 | 我的粗硬大DIO25厘米长 · age_up castle |
| 18:59 | Sikici · age_up castle |
| 19:29 | bastefan · age_up castle |
| 19:47 | Sikici · first_building Monastery |
| 19:52 | basbr · first_building Archery Range |
| 19:53 | bastefan · first_building Castle |
| 20:00 | 我的粗硬大DIO25厘米长 · first_market_buy 100 food |
| 20:05 | 我的粗硬大DIO25厘米长 · first_market_sell 100 food |
| 20:25 | Sikici · first_market_buy 100 wood |
| 21:16 | Bliitzz67 · first_building Castle |
| 22:45 | Gimli der Geier · first_building Barracks |
| 23:21 | basbr · first_building Siege Workshop |
| 23:50 | Low Income Barony · first_building Siege Workshop |
| 23:53 | Gimli der Geier · first_building Siege Workshop |
| 24:08 | Gimli der Geier · first_building Monastery |
| 24:21 | Bliitzz67 · first_building Siege Workshop |
| 25:24 | Sikici · first_building Castle |
| 25:27 | Low Income Barony · first_building Castle |
| 25:32 | Bliitzz67 · first_market_sell 100 food |
| 26:12 | basbr · age_up castle |
| 26:29 | Gimli der Geier · first_market_buy 100 food |
| 26:36 | basbr · first_market_buy 100 wood |
| 26:52 | basbr · first_market_sell 100 food |
| 27:22 | Gimli der Geier · first_building Castle |
| 27:36 | basbr · first_building Castle |
| 28:13 | basbr · first_building Stable |
| 28:16 | 我的粗硬大DIO25厘米长 · first_building Monastery |
| 28:37 | 我的粗硬大DIO25厘米长 · first_building Castle |
| 29:02 | 玛尔斯 · first_building Archery Range |
| 29:10 | Sikici · first_building Siege Workshop |
| 29:45 | Gimli der Geier · age_up imperial |
| 29:50 | 我的粗硬大DIO25厘米长 · first_building Barracks |
| 30:22 | 玛尔斯 · first_building Castle |
| 30:58 | 我的粗硬大DIO25厘米长 · first_building Archery Range |
| 31:29 | Low Income Barony · age_up imperial |
| 31:53 | Gimli der Geier · first_market_sell 100 food |
| 32:46 | Sikici · age_up imperial |
| 33:33 | 我的粗硬大DIO25厘米长 · age_up imperial |
| 34:13 | Bliitzz67 · first_building Barracks |
| 35:01 | bastefan · age_up imperial |
| 35:20 | Sikici · first_building Barracks |
| 35:20 | basbr · age_up imperial |
| 35:36 | 玛尔斯 · age_up imperial |
| 36:04 | Bliitzz67 · first_building Stable |
| 37:25 | Sikici · first_building Stable |
| 43:18 | Sikici · wall_segment Stone Wall x2 |
| 43:24 | Sikici · wall_segment Stone Wall x3 |
| 43:28 | Sikici · wall_segment Stone Wall x11 |
| 43:30 | Sikici · wall_segment Stone Wall x6 |
| 43:34 | Sikici · wall_segment Stone Wall x3 |
| 43:38 | Sikici · wall_segment Stone Wall x9 |
| 46:21 | 我的粗硬大DIO25厘米长 · first_building Siege Workshop |
| 46:46 | Low Income Barony · first_building Barracks |
| 49:07 | Sikici · wall_segment Stone Wall x6 |
| 49:11 | Sikici · wall_segment Stone Wall x4 |
| 49:12 | Sikici · wall_segment Stone Wall x7 |
| 49:17 | Sikici · wall_segment Stone Wall x7 |
| 49:23 | Sikici · wall_segment Stone Wall x19 |
| 49:25 | Sikici · wall_segment Stone Wall x5 |
| 54:02 | 我的粗硬大DIO25厘米长 · wall_segment Stone Wall x7 |
| 54:22 | Sikici · wall_segment Stone Wall x1 |
| 54:24 | Sikici · wall_segment Stone Wall x1 |
| 55:35 | 我的粗硬大DIO25厘米长 · wall_segment Stone Wall x1 |
| 58:56 | 玛尔斯 · first_market_sell 100 food |
| 60:30 | bastefan · tribute_sent a jugador 1 |
| 60:30 | bastefan · tribute_sent a jugador 2 |
| 60:30 | bastefan · tribute_sent a jugador 4 |
| 60:30 | bastefan · tribute_sent a jugador 5 |
| 60:30 | bastefan · tribute_sent a jugador 6 |
| 60:30 | bastefan · tribute_sent a jugador 7 |
| 60:30 | bastefan · tribute_sent a jugador 8 |
| 62:36 | Sikici · wall_segment Stone Wall x30 |
| 65:16 | bastefan · tribute_sent a jugador 1 |
| 65:16 | bastefan · tribute_sent a jugador 2 |
| 65:16 | bastefan · tribute_sent a jugador 4 |
| 65:16 | bastefan · tribute_sent a jugador 5 |
| 65:16 | bastefan · tribute_sent a jugador 6 |
| 65:16 | bastefan · tribute_sent a jugador 7 |
| 65:16 | bastefan · tribute_sent a jugador 8 |
| 65:58 | Sikici · first_market_sell 500 wood |
| 67:58 | Bliitzz67 · wall_segment Stone Wall x6 |
| 69:02 | Low Income Barony · wall_segment Stone Wall x13 |
| 69:07 | Low Income Barony · wall_segment Stone Wall x13 |
| 69:32 | Low Income Barony · wall_segment Stone Wall x23 |
| 70:16 | Bliitzz67 · resign |
[ AI ANALYSIS · 1 CREDIT ]
What really happened in this match?
Wolo.gg analyzes every decision: build order, eco, micro, common mistakes by bracket. Personalized analysis on WhatsApp or Discord in 30 seconds.
Civ guide
Aztecs
Perfil
Jugador #22744157